 Dungeon Crawl Stone Soup version bcrawl-1.26.1 (webtiles) character file.

Game seed: 10142151470077814196

226987 Freyura the Sneak (level 7, -1/52 HPs)
             Began as a Vampire Gladiator on July 13, 2020.
             Was an Initiate of Ru.
             Slain by a goblin (3 damage)
             ... led by Robin
             ... on level 4 of the Dungeon.
             The game lasted 00:08:22 (3233 turns).

Freyura the Sneak (Vampire Gladiator)               Turns: 3233, Time: 00:08:22

Health: -1/52      AC:  4    Str: 17    XL:     7   Next: 12%
Magic:  7/7        EV: 15    Int:  8    God:    Ru [......]
Gold:   227        SH:  0    Dex: 17    Spells: 6/6 levels left

rFire    . . .     SeeInvis +   a - +0 rapier
rCold    + . .     Gourm    .   (no shield)
rNeg     + + .     Faith    .   e - +0 robe
rPois    ∞         Spirit   .   c - +1 helmet
rElec    .         Reflect  .   (no cloak)
rCorr    .         Harm     .   (no gloves)
MR       .....                  (no boots)
Stlth    ++++++....             j - amulet of the acrobat
HPRegen  0.08/turn              (no ring)
MPRegen  0.10/turn              (no ring)

@: about to teleport, regenerating slowly
A: claws 1, fangs 3, see invisible, unbreathing
a: Renounce Religion


You were on level 4 of the Dungeon.
You worshipped Ru.
Ru was noncommittal.
You were near bloodless.

You visited 1 branch of the dungeon, and saw 4 of its levels.

You collected 227 gold pieces.

Inventory:

Hand Weapons
 a - a +0 rapier (weapon)
Missiles
 d - 3 throwing nets {=f}
Armour
 c - a +1 helmet (worn)
 e - a +0 robe (worn)
Jewellery
 j - an amulet of the acrobat (around neck)
Wands
 m - a wand of paralysis (9)
Scrolls
 f - a scroll of identify
 g - a scroll of fear
Potions
 b - 4 potions of heal wounds
 h - 3 potions of curing
 k - a potion of mutation {unknown}
 q - 13 potions of blood


   Skills:
 + Level 3.4 Fighting
 + Level 5.4 Short Blades
 - Level 1.5 Throwing
 + Level 4.9 Dodging
 * Level 7.4 Stealth


You had 6 spell levels left.
You didn't know any spells.
Your spell library was empty.

Dungeon Overview and Level Annotations

Branches:
Dungeon (4/12)
 Temple: D:4-7

Altars:
Hepliaklqana
Lugonu
Ru

Annotations:
D:4 Ijyb, Robin


Innate Abilities, Weirdness & Mutations

You heal slowly.
You are immune to poison.
You have sharp fingernails.
You have razor-sharp teeth.
You have supernaturally acute eyesight. (SInv)
You can survive without breathing.


Message History

The goblin closely misses you. The goblin barely misses you.
You closely miss Ijyb. Your bite misses Ijyb.
Ijyb is severely wounded.
The hobgoblin no longer looks unusually strong.
Ijyb completely misses you.
Robin laughs in a distinctly smug fashion.
Robin roars a battlecry!
The goblins go into a battle-frenzy!
The goblin closely misses you. The phantom closely misses you.
The goblin closely misses you. The goblin completely misses you.
The goblin hits you but does no damage.
You hit Ijyb.
Ijyb is almost dead.
Ijyb hits you with a +2 dagger of venom.
* * * LOW HITPOINT WARNING * * *
The goblin hits you.
* * * LOW HITPOINT WARNING * * *
The phantom barely misses you. The goblin closely misses you.
The goblin misses you. The goblin hits you.
You die...

### #.# ###)#
#########.#.#
....##.........?.######
...............Wggg...##
....##.###.#.#.#@ggg....
...............#ggg.....
#....#..##.#.#.#ggg.....
#.......##..............
..........(###.#........
........##.# #.#........
..<....###.# #.#######.#
#####......# ### .# ##
#..###.#


You could see a phantom, Ijyb, Robin, 5 hobgoblins and 5 goblins.

Vanquished Creatures
  Sigmund (D:2)
  A phantom (D:3)
  A scorpion (D:3)
  A crimson imp (D:4)
  A hound (D:3)
  Natasha (thrice) (D:3)
  An orc wizard (D:3)
  4 adders (D:3)
  An ooze (D:1)
  2 worms
  6 dart slugs
  5 leopard geckos
  8 orcs (D:3)
  A giant cockroach (D:3)
  2 hobgoblins (D:3)
  5 jackals
  2 quokkas
  A ball python (D:1)
  5 bats
  A frilled lizard (D:2)
  8 kobolds
  A rat (D:1)
61 creatures vanquished.

Notes
Turn   | Place    | Note
-------+----------+-------------------------------------------
     0 | D:1      | Freyura the Vampire Gladiator began the quest for the Orb.
     0 | D:1      | Reached XP level 1. HP: 16/16 MP: 1/1
     1 | D:1      | Noticed an iron dragon
     3 | D:1      | Noticed an ice dragon
     3 | D:1      | Noticed a green draconian
     5 | D:1      | Noticed a tentacled monstrosity
     7 | D:1      | Noticed an iron dragon
    10 | D:1      | Noticed a large abomination
    12 | D:1      | Noticed a shadow dragon
    13 | D:1      | Noticed a tentacled monstrosity
    14 | D:1      | Noticed an ice dragon
    14 | D:1      | Noticed an orb of fire
    16 | D:1      | Noticed a white draconian
    18 | D:1      | Noticed an ice dragon
    20 | D:1      | Noticed an orb of fire
    37 | D:1      | Reached skill level 1 in Stealth
   189 | D:1      | Reached XP level 2. HP: 19/22 MP: 2/2
   235 | D:1      | Reached skill level 2 in Stealth
   581 | D:1      | Reached XP level 3. HP: 27/27 MP: 3/3
   742 | D:1      | Reached skill level 3 in Stealth
  1186 | D:2      | Noticed Sigmund
  1203 | D:2      | Killed Sigmund
  1203 | D:2      | Reached skill level 5 in Stealth
  1203 | D:2      | Reached XP level 4. HP: 18/34 MP: 4/4
  1203 | D:2      | Reached XP level 5. HP: 21/40 MP: 5/5
  1656 | D:2      | Found a hazy altar of Hepliaklqana.
  1960 | D:3      | Reached XP level 6. HP: 31/47 MP: 6/6
  2070 | D:3      | Noticed Natasha
  2080 | D:3      | Killed Natasha
  2080 | D:3      | Reached skill level 5 in Short Blades
  2080 | D:3      | Reached skill level 6 in Stealth
  2241 | D:3      | Noticed Natasha
  2252 | D:3      | Killed Natasha
  2419 | D:3      | Noticed Natasha
  2433 | D:3      | Killed Natasha
  2434 | D:3      | Found a sacrificial altar of Ru.
  2455 | D:3      | Became a worshipper of Ru the Awakened
  2775 | D:3      | Reached skill level 7 in Stealth
  2775 | D:3      | Reached XP level 7. HP: 24/52 MP: 7/7
  3039 | D:3      | Found a corrupted altar of Lugonu.
  3209 | D:4      | Noticed Robin
  3211 | D:4      | Noticed Ijyb
  3233 | D:4      | HP: 2/52 [goblin[Robin] (2)]
  3233 | D:4      | Slain by a goblin

Skill      XL: |  1  2  3  4  5  6 |
---------------+-------------------+-----
Stealth        | 1 2 5 7 |  7.4
Fighting       | 2 3 |  3.4
Short Blades   | 4 5 |  5.4
Dodging        | 4 |  4.9
Throwing       | |  1.5

Action                   |  1- 3 |  4- 6 |  7- 9 || total
-------------------------+-------+-------+-------++-------
Melee: Rapier            |    71 |   118 |    23 ||   212
       Bite              |     5 |    14 |     7 ||    26
  Use: Scroll            |     2 |       |     6 ||     8
 Stab: Sleeping          |    11 |    11 |     2 ||    24
Armor: Leather armour    |    12 |       |       ||    12
       Robe              |       |    13 |    11 ||    24
Dodge: Dodged            |    37 |    86 |    69 ||   192
